 Dungeon Crawl Stone Soup version 0.23.2-33-g5129a83184 (webtiles) character file.

Game seed: 11414706748999226012

866 Folque the Magician (level 7, 0/55 HPs)
             Began as a Purple Draconian Earth Elementalist on July 1, 2019.
             Slain by a hound (3 damage)
             ... on level 6 of the Dungeon.
             The game lasted 00:13:12 (4534 turns).

Folque the Magician (DrEE)                          Turns: 4534, Time: 00:13:13

Health: 0/55       AC:  7    Str: 10    XL:     7   Next: 72%
Magic:  11/16      EV: 12    Int: 17    God:
Gold:   329        SH:  0    Dex: 12    Spells: 3/18 levels left

rFire    . . .     SeeInvis .   l - +1 short sword (flame)
rCold    . . .     Gourm    .   (no shield)
rNeg     . . .     Faith    .   (armour unavailable)
rPois    .         Spirit   .   (helmet restricted)
rElec    .         Reflect  .   (no cloak)
rCorr    .         Harm     .   x - +0 pair of gloves
MR       +....                  (no boots)
Stlth    ++........             (no amulet)
HPRegen  0.18/turn              (no ring)
MPRegen  0.15/turn              (no ring)

@: no status effects
A: breathe power, unfitting armour, cold-blooded, AC +6
a: Breathe Dispelling Energy


You were on level 6 of the Dungeon.
You were not hungry.

You visited 1 branch of the dungeon, and saw 6 of its levels.

You collected 329 gold pieces.

Inventory:

Hand Weapons
 j - a +0 short sword
 l - a +1 short sword of flaming (weapon)
 y - a +0 blowgun
Missiles
 b - 87 stones (quivered)
 k - 74 poisoned needles
Armour
 x - a +0 pair of gloves (worn)
Jewellery
 s - a cursed ring of attention {unknown}
 u - an uncursed ring of wizardry {unknown}
 B - the ring of Wuazuolu {+Fly SInv Stlth+, unknown}
   (You found it on level 4 of the Dungeon)

   [ring of see invisible]

   It lets you see invisible.
   It lets you fly.
   It makes you more stealthy.
 E - an uncursed amulet of faith {unknown}
Scrolls
 d - a scroll of silence {unknown}
 g - a scroll of noise {unknown}
 i - 3 scrolls of enchant armour {unknown}
 m - 2 scrolls of teleportation {unknown}
 n - 4 scrolls of identify {unknown}
 q - a scroll of random uselessness {unknown}
 t - 3 scrolls of fog {unknown}
 w - 4 scrolls of amnesia {unknown}
 C - 3 scrolls of remove curse {unknown}
Potions
 a - 4 potions of heal wounds {unknown}
 e - a potion of lignification {unknown}
 f - a potion of berserk rage {unknown}
 h - 4 potions of flight {unknown}
 o - a potion of ambrosia {unknown}
 p - a potion of magic {unknown}
 r - 4 potions of curing {unknown}
 v - 3 potions of brilliance {unknown}
 z - a potion of degeneration {unknown}
 A - a potion of might {unknown}
 D - a potion of mutation {unknown}
 F - a potion of haste {unknown}
Comestibles
 c - 11 rations
 G - a chunk of flesh


   Skills:
 - Level 2.2 Fighting
 - Level 1.7 Dodging
 + Level 2.5 Stealth
 - Level 6.0 Spellcasting
 + Level 3.9 Conjurations
 * Level 2.6 Transmutations
 + Level 5.1 Earth Magic


You had 3 spell levels left.
You knew the following spells:

 Your Spells              Type           Power        Failure   Level  Hunger
a - Sandblast             Erth           ###...       1%          1    None
b - Passwall              Tmut/Erth      ###.....     3%          2    None
c - Stone Arrow           Conj/Erth      ###...       6%          3    ##.....
d - Lee's Rapid Deconstr  Erth           ###.......   38%         5    #####..
e - Petrify               Tmut/Erth      ###.....     26%         4    ####...

Your spell library contained the following spells:

 Spells                   Type           Power        Failure   Level  Hunger


Dungeon Overview and Level Annotations

Branches:
Dungeon (6/15)
 Temple: D:4-7

Altars:
Wu Jian


Innate Abilities, Weirdness & Mutations

You can breathe bolts of dispelling energy.
Your rich purple scales are hard. (AC +6)
You cannot fit into any form of body armour.
You are cold-blooded and may be slowed by cold attacks.


Message History

A hound, a centaur and a necrophage come into view.
The centaur shouts!
The centaur wields a +0 shortbow.
The centaur shoots an arrow.
The arrow hits you!
You see here an arrow.
The hound barks!
The centaur shoots an arrow.
The arrow hits you!
A hound comes into view.
You see here an arrow.
The hound stops to sniff the ground.
The hound misses you. The hound barely misses you.
The centaur shoots an arrow.
The arrow hits you!
* * * LOW HITPOINT WARNING * * *
The hound barks!
Some of the chunks of flesh in your inventory have rotted away.
You see here an arrow.
The centaur shoots an arrow.
The arrow hits you.
* * * LOW HITPOINT WARNING * * *
The hound bites you.
You die...

#######............. # .......
............ # #..
#..#............
###########.#.#...##..........
..........#...#...##..........
#########....<......c...>.....
# ##....###.#..........# #
#.#..###(.n((.....%.. #######
.......@h............ .......
..##..#######......... ....###
## #..# #......... ....# ...
#.......$. ....## .#.
##........ o....# ##...h...
..##... ....... ).# ... ....
#.


You could see a necrophage, a centaur and a hound.

Vanquished Creatures
  2 ogres
  A bullfrog (D:6)
  2 scorpions (D:4)
  3 hounds
  A bullfrog skeleton (D:4)
  A centaur skeleton (D:2)
  An iguana (D:4)
  3 orc wizards (D:5)
  2 worker ants (D:5)
  A killer bee zombie (D:6)
  A hound zombie (D:5)
  6 adders
  An ooze (D:1)
  2 adder skeletons
  4 worms
  2 dart slugs
  5 leopard geckos
  16 orcs
  9 bats
  7 giant cockroaches
  7 goblins
  8 hobgoblins
  6 jackals
  A quokka (D:3)
  5 ball pythons
  6 frilled lizards
  8 kobolds
  A quokka zombie (D:5)
  12 rats
124 creatures vanquished.

Notes
Turn   | Place    | Note
-------+----------+-------------------------------------------
     0 | D:1      | Folque the Draconian Earth Elementalist began the quest for
                  | the Orb.
     0 | D:1      | Reached XP level 1. HP: 14/14 MP: 3/3
    99 | D:1      | Reached skill level 1 in Fighting
   188 | D:1      | Reached XP level 2. HP: 22/23 MP: 5/5
   198 | D:1      | Learned a level 2 spell: Passwall
   492 | D:1      | Reached XP level 3. HP: 23/29 MP: 6/6
   553 | D:1      | Learned a level 3 spell: Stone Arrow
   947 | D:2      | Reached skill level 1 in Conjurations
   947 | D:2      | Reached XP level 4. HP: 33/36 MP: 0/8
  1015 | D:2      | Reached skill level 3 in Spellcasting
  1715 | D:3      | Reached XP level 5. HP: 29/41 MP: 7/9
  2203 | D:4      | Noticed an ogre
  2215 | D:3      | Killed an ogre
  2471 | D:4      | Reached XP level 6. HP: 48/48 MP: 4/11
  2478 | D:4      | Reached skill level 4 in Spellcasting
  2709 | D:4      | Learned a level 5 spell: Lee's Rapid Deconstruction
  2738 | D:4      | Got a heavily runed lapis lazuli ring
  2946 | D:4      | Found an ornate altar of the Wu Jian Council.
  3065 | D:5      | Entered Level 5 of the Dungeon
  3210 | D:5      | Your scales start taking on a rich purple colour.
  3210 | D:5      | Reached skill level 5 in Spellcasting
  3210 | D:5      | Reached XP level 7. HP: 40/55 MP: 0/15
  3350 | D:5      | Reached skill level 6 in Spellcasting
  3523 | D:5      | Learned a level 4 spell: Petrify
  4067 | D:6      | Reached skill level 5 in Earth Magic
  4534 | D:6      | Slain by a hound

Skill      XL: |  1  2  3  4  5  6  7 |
---------------+----------------------+-----
Fighting       | 1 2 |  2.2
Conjurations   | 1 2 3 |  3.9
Spellcasting   | 3 5 6 |  6.0
Earth Magic    | 4 5 |  5.1
Stealth        | 2 |  2.5
Transmutations | 2 |  2.6
Dodging        | |  1.7

Action                   |  1- 3 |  4- 6 |  7- 9 || total
-------------------------+-------+-------+-------++-------
Melee: Unarmed           |    21 |       |       ||    21
       Tailslap          |     6 |    10 |     5 ||    21
       Short sword       |    58 |   140 |    51 ||   249
 Cast: Sandblast         |    12 |    17 |     5 ||    34
       Stone Arrow       |     3 |    21 |    21 ||    45
       Passwall          |       |     2 |       ||     2
 Abil: Breathe Dispellin |       |       |     1 ||     1
 Stab: Sleeping          |       |     5 |       ||     5
  Eat: Chunk             |     1 |     9 |     6 ||    16
Armor: Skin              |    27 |    58 |    22 ||   107
Dodge: Dodged            |    70 |   114 |    46 ||   230
